[Event "Reykjavik Open 2022"]
[Site "Reykjavik"]
[Date "2022.04.10"]
[Round "7.17"]
[White "Valkama, Eero"]
[Black "Thorhallsson, Throstur"]
[Result "1/2-1/2"]
[ECO "B54"]
[WhiteElo "2244"]
[BlackElo "2414"]
[Annotator "TA"]
[PlyCount "107"]
[EventDate "2022.04.06"]
[EventCountry "ISL"]
[SourceTitle "playchess.com"]
[Source "ChessBase"]
[SourceQuality "1"]
[TimeControl "40/5400+30:1800+30"]

1. e4 c5 2. Nf3 e6 3. c4 Nc6 4. Nc3 d6 5. d4 cxd4 6. Nxd4 Nf6 7. Be2 Be7 8. O-O O-O 9. Be3 Bd7 10. Kh1 a6 11. f4 Rc8 12. Rc1 Nxd4 {[%emt 0:07:59] B54: Sicilian: 2...d6 3 d4 cxd4 4 Nxd4, Unusual Lines .} 13. Bxd4 Bc6 14. Bd3 Nd7 {[%emt 0:05:53] [#] White is slightly better.} 15. Bg1 $146 ({Predecessor:} 15. Bb1 Bf6 16. Bxf6 Nxf6 17. Qd3 g6 18. Rcd1 Nh5 19. Qxd6 Qh4 20. Kg1 Rfd8 21. Qe5 Rxd1 22. Nxd1 {½-½ (39) Nguyen,H (2090)-Bui,V (2463) Can Tho 2012}) 15... Re8 16. b4 b6 17. Qb3 Bb7 18. a3 Qc7 19. Rfd1 Qb8 20. Qc2 g6 21. Qe2 Bf8 22. Qf2 Bc6 23. Be2 Bh6 24. Rc2 b5 25. Rcd2 Nf6 26. Rxd6 (26. Qh4 {keeps more tension.} Bf8 27. f5 exf5 28. Qxf6 Bg7 29. Qxd6 Bxc3 30. cxb5 Qxd6 31. Rxd6 Bxb5 32. Bxb5 axb5 33. exf5 Bb2 34. R6d5) 26... Nxe4 (26... bxc4 $1 $14 27. f5 (27. Bxc4 Nxe4 28. Nxe4 Bxe4 $11) 27... Nxe4 28. Nxe4 Bxe4 29. fxe6 fxe6) 27. Nxe4 $16 Bxe4 28. c5 Qa8 {[%emt 0:01:10][%cal Oh6f4] [#]} 29. Bf3 $1 a5 30. Bxe4 Qxe4 31. R6d4 ({Resist} 31. bxa5 Bf8 $14) 31... Qa8 32. Qf1 axb4 33. axb4 Bg7 34. Rd7 ({Not} 34. Qxb5 Bxd4 35. Rxd4 e5 36. fxe5 Rxe5 $17) 34... Qa4 35. Qe1 {[%emt 0:01:58] &Bianco is more active.} Qc2 36. Bd4 {[%emt 0:00:35] Inhibits Bc3.} Bxd4 37. R7xd4 Ra8 {[%emt 0:00:46] [#]} 38. h3 $1 h5 39. Rc1 (39. Kh2 $16) 39... Qb2 $11 {[%emt 0:01:35] The position is equal.} 40. Qd2 Qxd2 41. Rxd2 {[%emt 0:01:05] And now Rd7 would win.} Red8 {[%emt 0:02:16] Prevents Rd7.} 42. Rxd8+ Rxd8 {[%emt 0:00:10][%mdl 4096] Endgame KR-KR} 43. Kg1 {[%emt 0:00:04] Hoping for Kf2.} Kf8 44. Kf2 {[%emt 0:00:04] aiming for Ke3.} Ke7 ({Don't do} 44... Rd4 45. Ke3 Rd5 46. g3 $16) 45. Ke3 {[%emt 0:00:33] Prevents Rd4. Threatens to win with Ra1.} Ra8 {[%emt 0:01:38] Prevents Ra1.} 46. c6 {[%emt 0:02:51] Kd4 is the strong threat.} Kd6 47. c7 Rc8 48. Kd4 {[%emt 0:00:06] Strongly threatening g4.} h4 $1 (48... Rxc7 49. Rxc7 Kxc7 50. Kc5 $18) 49. Rc5 f6 50. Rc2 Kd7 (50... Rxc7 51. Rxc7 e5+ 52. fxe5+ fxe5+ 53. Ke4 Kxc7 54. Kxe5 $18) 51. Rc1 Kd6 $1 (51... Rxc7 $2 52. Rxc7+ Kxc7 53. Kc5 $18) 52. Rc5 Kd7 $1 53. Rc1 Kd6 $1 (53... Rxc7 $2 54. Rxc7+ Kxc7 55. Kc5 $18) 54. Rc5 {[%emt 0:00:04] Weighted Error Value: White=0.09 (flawless) /Black=0.08 (flawless)} 1/2-1/2

[Event "Reykjavik Open 2022"]
[Site "Reykjavik"]
[Date "2022.04.10"]
[Round "7.18"]
[White "Thorfinnsson, Bragi"]
[Black "Popvasilev, Kaloyan"]
[Result "1-0"]
[ECO "B23"]
[WhiteElo "2419"]
[BlackElo "2191"]
[Annotator "TA"]
[PlyCount "93"]
[EventDate "2022.04.06"]
[EventCountry "ISL"]
[SourceTitle "playchess.com"]
[Source "ChessBase"]
[SourceQuality "1"]
[TimeControl "40/5400+30:1800+30"]

1. e4 c5 2. Nc3 d6 3. f4 g6 4. Nf3 Bg7 5. Bb5+ Bd7 6. Bc4 {[%emt 0:01:10] B23: Closed Sicilian: Lines without g3.} Nc6 7. O-O Na5 8. Be2 {[%emt 0:02:32] The position is equal.} Nh6 9. d3 f5 10. Qe1 Nc6 {[%emt 0:06:00] [#]} 11. Bd1 $146 ({Predecessor:} 11. Qh4 e6 12. Qh3 Nf7 13. g4 Nd4 14. Bd1 Qb6 15. Kh1 O-O-O 16. a4 Kb8 17. a5 {1-0 (47) Trent,L (2399)-Jumabayev,R (2637) Chess.com INT 2021}) 11... Nf7 ({Black should try} 11... O-O $11) 12. exf5 $14 Bxf5 13. Nh4 Qd7 14. h3 h5 {[%emt 0:02:15] Inhibits g4.} 15. Ne4 O-O-O 16. c3 Kb8 17. a3 b6 18. Ba4 e6 19. b4 d5 {[%emt 0:07:04] [#]} 20. Nf2 (20. Ng5 $1 $16 Nxg5 21. fxg5) 20... Qd6 (20... c4 $11) 21. bxc5 (21. Ra2 $14) 21... bxc5 (21... Qxc5 $15 {keeps the upper hand.} 22. Nxf5 gxf5) 22. Bd2 Ka8 23. Qe2 (23. Ne4 {with more complications.} dxe4 24. dxe4 Bxh3 25. e5) 23... Bf6 {[%emt 0:02:01] [#]} 24. Nxf5 (24. Nf3 $1 $16) 24... gxf5 $11 25. Rfe1 Rde8 26. Rab1 h4 27. d4 {[%emt 0:02:40] Qa6 is the strong threat.} c4 28. Nd1 $1 Rhg8 29. Ne3 Re7 30. Qf3 Rg3 (30... Nfd8 $11) 31. Qh5 {[%emt 0:02:49][%cal Oe3f5] Threatens to win with Nxf5!} (31. Nxc4 $5 Qc7 32. Rxe6 (32. Bxc6+ Qxc6 33. Na5 Qa4 $17) 32... Rxe6 33. Qxd5 $11) 31... Nfd8 32. Qh6 Rf7 33. Nc2 (33. Kh1 $11) 33... Qe7 {[%emt 0:00:52] White must now prevent ...Rh7.} (33... Rg8 $5 34. Qh5 Rfg7 $17) 34. Qh5 Rfg7 (34... Rh7 $5 35. Qd1 Rhg7 $17) 35. Ne3 {[%emt 0:02:05][%cal Oe3f5] And now Nxf5! would win.} Qf8 36. Kh1 Be7 37. Qd1 Bd6 (37... Bxa3 $2 38. Bxc6+ Nxc6 39. Qa4 $18) 38. Rf1 Qg8 (38... Bxa3 $2 39. Bxc6+ Nxc6 40. Qa4 $18) 39. Qe2 Nb8 ({Better is} 39... R3g6 $14) 40. Be1 $16 R3g6 41. Bxh4 {[%emt 0:06:53] A strong pair of Bishops.} Rh7 $2 {[%emt 0:03:34][%mdl 8192] Black cannot hold the game after this.} (41... Bc7 $16 {is more resistant.} 42. Rb2 Nb7) 42. Bxd8 Qxd8 {[%emt 0:00:11] [#]} 43. Nxc4 $1 Bxf4 (43... Rgh6 $142 44. Nxd6 Qxd6) (43... a6 44. Nb6+) 44. Rxf4 $18 dxc4 {[%emt 0:00:05] [#]} 45. Rxf5 $3 {[%emt 0:02:24][%mdl 512] Qe4+ would kill now.} a5 (45... Rgg7 46. Qf3+) 46. Qf3+ Ka7 47. Rf7+ {[%emt 0:00:16] Weighted Error Value: White=0.24 (precise) /Black=0.56} 1-0

[Event "Reykjavik Open 2022"]
[Site "Reykjavik"]
[Date "2022.04.10"]
[Round "7.19"]
[White "Mahitosh Dey"]
[Black "Romanishin, Oleg M"]
[Result "0-1"]
[ECO "D02"]
[WhiteElo "2176"]
[BlackElo "2415"]
[Annotator "TA"]
[PlyCount "70"]
[EventDate "2022.04.06"]
[EventCountry "ISL"]
[SourceTitle "playchess.com"]
[Source "ChessBase"]
[SourceQuality "1"]
[TimeControl "40/5400+30:1800+30"]

1. d4 Nf6 2. Nf3 g6 3. Bf4 Bg7 4. c3 O-O 5. h3 d5 6. e3 c5 7. Bd3 Nc6 {[%emt 0:03:21] D02: 1 d4 d5 2 Nf3 sidelines, including 2...Nf6 3 g3 and 2...Nf6 3 Bf4.} 8. Nbd2 {[%emt 0:00:21] 8.Nbd2 is better than 8.0-0.} Nd7 9. O-O e5 {[%emt 0:00:15] The position is equal.} 10. dxe5 Ndxe5 11. Nxe5 Nxe5 12. Bxe5 Bxe5 13. e4 {[%emt 0:00:04] [#]} Bg7 $146 ({Predecessor:} 13... Be6 14. Re1 Bc7 15. exd5 Bxd5 16. Be4 Re8 17. Qc2 Qd6 18. Nf3 Rad8 19. Bxd5 Qxd5 {½-½ (55) Keller,D (2142)-Voracek,M (2210) Czech Republic 2011}) 14. exd5 Qxd5 15. Be4 Qd8 16. Nc4 Be6 17. Ne3 Qb6 18. Qc2 Rad8 19. b3 Qa5 20. Rac1 b5 21. Bd3 Bh6 {[%emt 0:06:49][%cal Oc5c4] &Nero is more active.} 22. Rce1 Rd6 23. Re2 (23. Be2 $15) 23... Rfd8 $17 24. Be4 c4 25. b4 Qb6 26. a4 {[%emt 0:00:38] [#]} Rd3 $1 27. axb5 ({But not} 27. Bxd3 $2 cxd3 28. a5 Qc7 $19) 27... Bxe3 28. fxe3 Rxe3 29. Rxe3 (29. Kh2 $17) 29... Qxe3+ $19 30. Rf2 {[%emt 0:00:08] [#]} Qb6 (30... f5 $1 $19 {[%cal Rf5e4] and Black stays clearly on top.} 31. Bf3 Rd3) 31. Qa2 $2 (31. Qc1 $17 {is a better chance.}) 31... Rd1+ 32. Kh2 Qxb5 (32... h5 $142 33. h4 Bg4 34. Bxg6 Qd6+ 35. g3 fxg6 36. Qxc4+ Be6) 33. Bf3 $2 (33. Qa5 Qxa5 34. bxa5) 33... Qb8+ 34. g3 Rd3 35. Qa5 Qb6 {[%emt 0:02:18] Weighted Error Value: White=0.44/Black=0.22 (precise)} 0-1

[Event "Reykjavik Open 2022"]
[Site "Reykjavik"]
[Date "2022.04.10"]
[Round "7.20"]
[White "Willow, Jonah B"]
[Black "Jaksland, Tim"]
[Result "1-0"]
[ECO "C99"]
[WhiteElo "2365"]
[BlackElo "2201"]
[Annotator "TA"]
[PlyCount "101"]
[EventDate "2022.04.06"]
[EventCountry "ISL"]
[SourceTitle "playchess.com"]
[Source "ChessBase"]
[SourceQuality "1"]
[TimeControl "40/5400+30:1800+30"]

1. e4 e5 2. Nf3 Nc6 3. Bb5 a6 4. Ba4 Nf6 5. O-O Be7 6. Re1 b5 7. Bb3 d6 8. c3 O-O 9. h3 Na5 10. Bc2 c5 11. d4 Qc7 12. Nbd2 cxd4 13. cxd4 Bd7 14. Bd3 {[%emt 0:02:40] C99: Closed Ruy Lopez: Chigorin Defence: 11 d4 Qc7 12 Nbd2 cxd4.} Nc6 15. a3 exd4 16. Nb3 {[%emt 0:01:47] [#] The position is equal.} Rfe8 $146 ({Predecessor:} 16... Qa7 17. Nfxd4 Ne5 18. Be3 Qb7 19. Nf5 Bxf5 20. exf5 Rfe8 21. Bd4 Bd8 22. Be2 Bb6 {0-1 (60) Laube,B (2405)-Neumann,B (2392) ICCF email 2008}) 17. Nbxd4 Ne5 18. Bf1 (18. Nf5 $142) 18... h6 (18... Qb7 $5 ) 19. Bf4 Bf8 20. Rc1 Qb7 21. Nb3 Rad8 ({Don't play} 21... Nxe4 22. Bxe5 dxe5 23. Na5 (23. Rxe4 Qxe4 24. Qxd7 Qf4 $11) 23... Nxf2 24. Nxb7 $18) 22. Na5 Qa8 23. Rc7 Rc8 24. Rxc8 Qxc8 25. Bd2 Nc6 26. Bd3 Nxa5 27. Bxa5 Bc6 28. Nd2 Bb7 29. Bb1 Nd7 30. Bc3 Ne5 31. Ba2 Qc7 32. Re3 Bc8 33. Rg3 Be6 $1 34. Bxe6 Rxe6 35. f4 Rg6 36. Qe1 (36. Re3 $5 Qc5 37. Qe2 $14) 36... Rxg3 37. Qxg3 Nc4 38. Nf3 Qc5+ 39. Bd4 Qc6 (39... Qh5 {looks sharper.} 40. f5 d5 41. f6 dxe4 42. fxg7 Bd6) 40. Qe1 d5 41. e5 Bc5 42. Kh2 Bxd4 43. Nxd4 Qb6 44. Qc3 a5 {[%emt 0:04:28] [#]} (44... Qg6 $11 {remains equal.}) 45. b3 $1 $16 Nxa3 {[%emt 0:00:49][%mdl 8192] This move loses the game for Black.} (45... b4 $16 46. axb4 axb4) 46. Qc8+ $18 Kh7 47. Nc6 {[%emt 0:00:03] Ne7 would kill now.} Qc5 {[%emt 0:01:25] [#] Prevents Ne7.} 48. Qf5+ $1 Kg8 {[%emt 0:00:06] [#]} 49. e6 $1 fxe6 (49... Qxc6 50. Qxf7+) 50. Qxe6+ Kf8 51. Ne5 {[%emt 0:00:05] Weighted Error Value: White=0.06 (flawless) /Black=0.25 (precise)} 1-0

[Event "Reykjavik Open 2022"]
[Site "Reykjavik"]
[Date "2022.04.10"]
[Round "7.21"]
[White "Baskin, Robert"]
[Black "Lohia, Sohum"]
[Result "1-0"]
[ECO "C60"]
[WhiteElo "2383"]
[BlackElo "2251"]
[Annotator "TA"]
[PlyCount "53"]
[EventDate "2022.04.06"]
[EventCountry "ISL"]
[SourceTitle "playchess.com"]
[Source "ChessBase"]
[SourceQuality "1"]
[TimeControl "40/5400+30:1800+30"]

1. e4 e5 2. Nf3 Nc6 3. Bb5 g6 4. c3 a6 5. Bxc6 dxc6 6. d4 {[%emt 0:00:08] C60: Ruy Lopez: Unusual Black 3rd moves and 3...g6.} exd4 7. cxd4 Bg4 8. Qb3 {[%emt 0:00:59] White is slightly better.} Bxf3 9. gxf3 Rb8 10. Be3 Bg7 11. Nc3 {[%emt 0:00:42] [#]} Ne7 $146 ({Predecessor:} 11... Nf6 12. O-O-O O-O 13. Rhg1 Re8 14. h4 Qd7 15. Rg5 Qh3 16. e5 Nd5 17. Nxd5 cxd5 18. Qxd5 Qxh4 {1-0 (28) Kovchan,A (2566)-Guichard,P (2409) Porticcio 2019}) 12. O-O-O Qd7 13. h4 {[%emt 0:04:34][%cal Bh2h4,Bh4h5][%mdl 32] &Bianco is more active.} Qe6 14. Qc2 O-O (14... h5 $142) 15. Kb1 (15. h5 $142) 15... b5 (15... h5 $142) 16. h5 $16 Qc4 17. b3 Qb4 (17... Qe6 $142 18. h6 Bf6) 18. Ne2 (18. e5 $18 {has better winning chances.}) 18... Qd6 (18... a5 $16 19. Bd2 Qd6) 19. Nf4 a5 {[%emt 0:02:46] [#]} (19... Rbd8 {was called for.} 20. h6 Bh8) 20. Nd3 $1 $18 a4 21. Nc5 axb3 22. Qxb3 {[%emt 0:00:07] hxg6 is the strong threat.} ({But not} 22. axb3 $6 Ra8 $16) 22... Ra8 23. f4 {[%emt 0:03:48][%cal Bf3f4,Bf4f5,Bf5f6][%mdl 32] And now f5! would win.} Nc8 $2 {[%emt 0:02:39] [#]} (23... Ra7) 24. hxg6 {[%emt 0:01:38] White is clearly winning.} hxg6 25. f5 Nb6 26. e5 Qd5 27. f6 {[%emt 0:00:20] Weighted Error Value: White=0.24 (precise) /Black=0.29 (precise)} 1-0

[Event "Reykjavik Open 2022"]
[Site "Reykjavik"]
[Date "2022.04.10"]
[Round "7.22"]
[White "Grieve, Harry"]
[Black "Coursaget, Nicolas"]
[Result "1-0"]
[ECO "B03"]
[WhiteElo "2384"]
[BlackElo "2185"]
[Annotator "TA"]
[PlyCount "71"]
[EventDate "2022.04.06"]
[EventCountry "ISL"]
[SourceTitle "playchess.com"]
[Source "ChessBase"]
[SourceQuality "1"]
[TimeControl "40/5400+30:1800+30"]

1. e4 Nf6 2. e5 Nd5 3. d4 d6 4. c4 Nb6 5. f4 dxe5 6. fxe5 c5 7. d5 e6 8. Nc3 exd5 9. cxd5 c4 10. d6 Nc6 {[%emt 0:01:20] B03: Alekhine's Defence: Four Pawns Attack.} 11. Nf3 Bg4 12. Bf4 {[%emt 0:00:20] Threatens to win with Be2.} g5 (12... Qd7 $142) 13. Bg3 (13. Bxg5 $6 Qxg5 14. Nxg5 Bxd1 15. Rxd1 Nxe5 $11) 13... Bg7 14. Be2 O-O 15. O-O {[%emt 0:00:05] [#]} Nd7 $146 ({Predecessor:} 15... Rb8 16. Nd5 Bxf3 17. Bxf3 Nxe5 18. Ne7+ Kh8 19. Be4 g4 20. Kh1 Nbd7 21. Rf5 Ng6 {1-0 (41) Braig,M-Schmitt,T Germany 1994}) 16. Kh1 $1 Bxf3 17. Bxf3 Ndxe5 18. Be4 Qb6 (18... h6 $16) 19. Qe2 f5 $2 (19... Rae8 {is a better defense.} 20. Rad1 (20. Qh5 h6 $14) 20... Qd8) 20. Rxf5 (20. Bxc6 Qxc6 21. Bxe5 Rae8 $15) 20... Rxf5 21. Bxf5 {[%emt 0:00:02] This bishop pair is nice.} Nd4 $2 {[%emt 0:00:26] [#]} (21... Rf8) 22. Bxh7+ $1 $18 Kxh7 23. Qh5+ Kg8 24. Bxe5 Bxe5 25. Ne4 Qxb2 26. Qg6+ ({White should try} 26. Re1 $18 {Qg6+ would kill now.} Rf8 27. d7 (27. Qg6+ $2 Bg7 $19)) 26... Bg7 $16 (26... Kh8 $2 27. Re1 Rf8 28. Nxg5 $18) 27. Nf6+ $1 {[%emt 0:00:01][%mdl 1024] White has strong compensation.} ({Don't go for} 27. Rf1 $2 Rf8 28. Rd1 Qe2 $1 $19) 27... Kf8 {[%emt 0:00:42] [#]} 28. Re1 $40 {[%emt 0:01:02][%mdl 128] Intending Re8+ and mate. White is out for blood. Really sharp!} Ne2 (28... Bxf6 $2 29. Qxf6+ Kg8 30. d7 $18) 29. Nd7+ (29. Nh7+ $18 Kg8 30. Nxg5) 29... Kg8 {[%emt 0:00:07] aiming for ...Nf4.} 30. Qe6+ Kh8 {[%emt 0:00:18] Hoping for ...Nf4.} 31. Rxe2 Qd4 (31... Qc1+ $16 32. Re1 Qf4) 32. Re4 $2 (32. h3 $18) 32... Qd3 (32... Qf2 $1 $11 {and Black has nothing to worry.} 33. Qxc4 b5) 33. Re1 {[%emt 0:02:05] Nc5 is the strong threat. Active counter play!} c3 (33... Qd2 $142 34. Nf6 Qxe1+ 35. Qxe1 Bxf6) 34. Ne5 $18 Qd4 35. Nf7+ ({Weaker is} 35. Ng6+ Kh7 36. Ne7 Qd3 $18) 35... Kh7 36. Nxg5+ {[%emt 0:00:03] Weighted Error Value: White=0.35/Black=0.87} 1-0

[Event "Reykjavik Open 2022"]
[Site "Reykjavik"]
[Date "2022.04.10"]
[Round "7.23"]
[White "Player, Edmund C"]
[Black "Fantinel, Thibault"]
[Result "0-1"]
[ECO "B22"]
[WhiteElo "2196"]
[BlackElo "2376"]
[Annotator "TA"]
[PlyCount "76"]
[EventDate "2022.04.06"]
[EventCountry "ISL"]
[SourceTitle "playchess.com"]
[Source "ChessBase"]
[SourceQuality "1"]
[TimeControl "40/5400+30:1800+30"]

1. e4 c5 2. Nf3 e6 3. c3 Nf6 4. e5 Nd5 5. d4 cxd4 6. cxd4 d6 7. Bc4 Be7 8. Bd2 {[%emt 0:06:19] B22: Sicilian: 2 c3.} O-O 9. Nc3 dxe5 {[%emt 0:03:46] [#]} 10. Nxe5 $146 (10. dxe5 $11 Nxc3 11. Bxc3) ({Predecessor:} 10. dxe5 Nxc3 11. Bxc3 b6 12. Qe2 Bb7 13. O-O Nd7 14. Rfd1 Qc7 15. Bd3 Rfd8 16. Rac1 {½-½ (37) Tryggestad,A (2316)-Nguyen,G (1968) Drammen 2017}) 10... Nb6 $15 11. Bb3 Qxd4 12. Qe2 Nc6 13. Nf3 Qd8 14. Rd1 Qc7 15. O-O e5 (15... a6 $11) 16. Nb5 $16 Qb8 17. Bg5 $1 {[%emt 0:00:48] Strongly threatening Bxe7.} Re8 (17... Be6 $16 {was called for.}) 18. Bxe7 $18 Rxe7 19. Ng5 {[%emt 0:01:21] Qh5 is the strong threat.} Be6 20. Qe4 $1 g6 21. Qh4 $1 h5 22. Nxe6 fxe6 23. Rd6 Qf8 24. f4 (24. Rxe6 Rxe6 25. Bxe6+ Kg7 $11) 24... exf4 25. Rxf4 (25. Bxe6+ Kg7) (25. Rxe6 Rxe6 26. Nc7 (26. Bxe6+ Kg7 $11) 26... Nd4 27. Nxe6 Nxe6 28. Bxe6+ Kg7 $11) 25... Qg7 26. Rxe6 ({Don't take} 26. Bxe6+ Kh8) 26... Rxe6 27. Bxe6+ Kh8 28. Rf7 $2 (28. Nd6 $1 $18 Qe7 29. Qxe7 Nxe7 30. Rf7 (30. Nxb7 Rb8 $16)) 28... Qe5 $14 ({Much less strong is} 28... Qxb2 29. Qg5 Qa1+ 30. Kf2 Qb2+ 31. Kg1 Qa1+ 32. Kf2 Qb2+ 33. Kg3 Qe5+ 34. Qxe5+ Nxe5 35. Rxb7 $16) 29. Qf6+ Qxf6 30. Rxf6 Ne5 31. Rf2 Re8 32. Bb3 Ng4 33. Rf1 Re2 34. h3 Ne3 35. Rf2 (35. Rf8+ $11 Kg7 36. Rf3 Rxg2+ 37. Kh1) 35... Re1+ $19 36. Kh2 Nf1+ {[%emt 0:00:15] Pair of Knights!} 37. Kg1 $2 {[%emt 0:00:05] [#]} (37. Rxf1 $19 Rxf1 38. Kg3) 37... Ng3+ $1 38. Kh2 {[%emt 0:00:03] [#]} h4 $1 {[%emt 0:00:12] What a bad dream for White.  Weighted Error Value: White=0.48/Black=0.17 (very precise)} 0-1

[Event "Reykjavik Open 2022"]
[Site "Reykjavik"]
[Date "2022.04.10"]
[Round "7.24"]
[White "Mai, Alexander Oliver"]
[Black "Vardaan Nagpal"]
[Result "1/2-1/2"]
[ECO "C49"]
[WhiteElo "2207"]
[BlackElo "2378"]
[Annotator "TA"]
[PlyCount "108"]
[EventDate "2022.04.06"]
[EventCountry "ISL"]
[SourceTitle "playchess.com"]
[Source "ChessBase"]
[SourceQuality "1"]
[TimeControl "40/5400+30:1800+30"]

1. e4 e5 2. Nf3 Nf6 3. Nc3 Nc6 4. Bb5 Bb4 5. O-O O-O 6. d3 Bxc3 7. bxc3 d6 8. Bg5 h6 9. Bh4 Ne7 {[%emt 0:00:30] C49: Four Knights: 4 Bb5 Bb4.} (9... a6 $11 10. Bxc6 bxc6) 10. Bxf6 $14 gxf6 11. d4 (11. Nh4 {feels hotter.} Kh7 12. Qh5 Ng6 13. Nf5) 11... Ng6 {[%emt 0:06:16] White is slightly better.} 12. Qd2 Kh7 13. Bd3 {[%emt 0:02:11] [#]} c5 $146 ({Predecessor:} 13... Bg4 14. Ne1 Rg8 15. Kh1 Nf4 16. g3 Nxd3 17. Qxd3 Qd7 18. Nf3 Qc6 19. Nd2 Rae8 {1-0 (39) Troemer,F (1461)-Rogasch,M (1747) Mecklenburg VP 2014}) 14. d5 Rg8 15. Kh1 Bd7 (15... Nf4 {seems wilder.} 16. g3 Bh3 17. Rg1 Nxd3 18. cxd3 f5) 16. c4 Qc8 17. Rab1 b6 18. Rfe1 f5 19. exf5 Bxf5 20. g3 Qd7 21. Bxf5 Qxf5 22. Qd3 Qf6 23. Nh4 (23. a4 $16) 23... Kh8 (23... Qxf2 $2 24. Rf1 e4 25. Qxe4 $18 (25. Rxf2 exd3 26. cxd3 Nxh4 $14)) 24. Qf5 Kg7 25. Re4 {[%emt 0:01:24] &Bianco is more active.} ({White should try} 25. Rg1 $14) 25... Nxh4 $11 26. Qxf6+ Kxf6 27. Rxh4 {[%emt 0:00:15][%cal Be4h4,Bh4h5,Bh5f5][%mdl 4128] Endgame KRR-KRR} Kg7 28. Rh5 Rab8 29. Rb3 a6 30. a4 Rb7 31. Kg2 f6 32. Rf5 Rgb8 {[%emt 0:00:59] The position is equal.} 33. Rbf3 Rf7 34. g4 b5 35. axb5 axb5 36. cxb5 Rxb5 37. c4 Rb4 38. Rc3 Ra7 39. h3 Rb1 40. Rcf3 Rf7 {[%emt 0:00:00] [#] aiming for ...Rc1.} 41. Rc3 {[%emt 0:08:18] Inhibits Rc1.} Rd1 42. Kg3 Rd4 43. Kh4 Kg6 44. Kg3 e4 45. Kf4 Rb7 46. h4 Rb2 47. h5+ Kf7 48. Ra3 Rxc4 49. Ra7+ Ke8 {[%emt 0:00:01] [#] ...Rc3 is the strong threat.} 50. Kg3 Rc3+ 51. Kg2 e3 52. Rxf6 Rxf2+ 53. Rxf2 exf2 54. Kxf2 {[%emt 0:00:35] Hoping for Rh7.} Rd3 {[%emt 0:00:35] Weighted Error Value: White=0.09 (flawless) /Black=0.08 (flawless)} 1/2-1/2

[Event "Reykjavik Open 2022"]
[Site "Reykjavik"]
[Date "2022.04.10"]
[Round "7.25"]
[White "Gupta, Abhijeet"]
[Black "Zysko, Jan"]
[Result "1-0"]
[ECO "E81"]
[WhiteElo "2628"]
[BlackElo "2108"]
[Annotator "TA"]
[PlyCount "141"]
[EventDate "2022.04.06"]
[EventCountry "ISL"]
[SourceTitle "playchess.com"]
[Source "ChessBase"]
[SourceQuality "1"]
[TimeControl "40/5400+30:1800+30"]

1. c4 Nf6 2. Nc3 g6 3. d4 Bg7 4. e4 d6 5. f3 O-O 6. Nge2 a6 7. Be3 b5 {[%emt 0:00:44] E81: King's Indian: Sämisch: 6th move deviations (including 6 Be3 c6).} 8. Qd2 Nbd7 9. Bh6 Nb6 {[%emt 0:09:06] [#] The position is equal.} 10. Ng3 $146 (10. cxb5 Nc4 11. Qg5 Bxh6 12. Qxh6 axb5 $11) ({Predecessor:} 10. Bxg7 Kxg7 11. Nf4 e5 12. Nfd5 Nfxd5 13. Nxd5 c6 14. Nb4 Bb7 15. Rd1 Qh4+ 16. Qf2 Qxf2+ 17. Kxf2 bxc4 18. dxe5 dxe5 {0-1 (57) Suvorov,L (2292)-Knuedel,T (2171) Willingen 2021}) 10... b4 (10... bxc4 $11 11. h4 Re8) 11. Nd5 Nfxd5 12. cxd5 ({White should play} 12. Bxg7 $1 $16 Kxg7 13. cxd5) 12... Bxh6 $11 13. Qxh6 e6 14. h4 {[%emt 0:04:05] With the idea h5.} Qf6 15. O-O-O (15. dxe6 $11 Qxd4 16. h5 (16. e7 Re8 $15) 16... Qxb2 17. Rc1) 15... exd5 $15 16. h5 dxe4 17. fxe4 Bg4 {[%emt 0:06:25] [#]} (17... Qg7 $15 18. Qg5 h6) 18. Re1 (18. Nf5 $1 $11 Kh8 (18... Bxf5 19. exf5) 19. hxg6 Qxg6 20. Qh4 (20. Re1 Bxf5 21. exf5 Qxh6+ 22. Rxh6 Rfe8 $15)) 18... Qxd4 (18... Qf2 $2 19. Be2 $1 g5 20. Bxg4 $18 (20. Qxg5+ Kh8 $18)) (18... Qg7 $1 $15 19. Qd2 a5) 19. hxg6 $14 Qg7 20. gxh7+ $40 {[%emt 0:07:03][%mdl 128] Black needs to defend precisely. Dancing on a razor blade.} (20. Qh4 $1 $16 ) 20... Kh8 $11 21. Qxg7+ Kxg7 22. e5 Nd7 (22... Kh8 $11) 23. exd6 $14 cxd6 24. Re4 Ne5 25. Rxb4 a5 26. Rd4 Rh8 27. Nh5+ Bxh5 (27... Kf8 $16) 28. Rxh5 $18 Rxh7 29. Rxh7+ Kxh7 30. Rxd6 $16 {[%emt 0:00:04][%mdl 4096] Endgame KRB-KRN} Rc8+ {[%emt 0:00:08] [#]} 31. Kb1 $1 Rc5 32. a3 (32. a4 $18) 32... Nc4 33. Rd3 Kg7 34. Ka2 Nb6 (34... Rg5 $16 35. b4 axb4) 35. Rd6 Nd5 36. Bd3 Ne3 37. Be4 f5 {[%emt 0:00:35] [#]} 38. Rc6 $1 Rb5 (38... Re5 39. Bf3) 39. Bf3 Kf7 (39... f4 $16 40. Re6 Nc4) 40. Rc3 Nd5 41. Rd3 Nf6 42. a4 Rc5 43. Ka3 Rc1 44. Rd1 Rc5 (44... Rc8 45. b4 axb4+ 46. Kxb4 Rb8+ 47. Kc4 Rc8+ 48. Kd4 Rd8+ 49. Ke5 Rc8) 45. b4 $18 Rc3+ 46. Kb2 axb4 47. a5 Ne4 {[%emt 0:01:59] [#]} 48. a6 $1 {[%emt 0:01:38] Hoping for a7.} Rc7 49. Ra1 {[%emt 0:01:35] Threatens to win with a7.} Ra7 50. Ra5 Ke6 $2 (50... Ke7 51. Be2 (51. Rxf5 Nd6 $14) 51... Ng3) 51. Kb3 Nd2+ 52. Kxb4 Nxf3 53. gxf3 {[%emt 0:00:06] KR-KR. White mates.} Kd7 54. Kb5 Kc7 55. Kc5 Kb8 56. Kd6 f4 57. Ra4 Rf7 58. Ke5 Ka7 59. Rxf4 Re7+ 60. Kd6 Re3 61. Rf8 Kxa6 62. f4 Kb7 63. f5 Rd3+ 64. Ke6 Kc7 65. Ra8 Rd6+ 66. Ke5 Rd1 67. f6 Re1+ 68. Kf5 Kd7 69. f7 Rf1+ 70. Kg6 Ke7 71. Re8+ {[%emt 0:00:06] Weighted Error Value: White=0.14 (very precise) /Black=0.44} 1-0